 Dungeon Crawl Stone Soup version 0.28.0-53-g5a82cb258f (webtiles) character file.

Game seed: 5639758454533041261

375 quokkamancerX the Cleaver (level 6, -2/51 HPs)
             Began as a Hill Orc Fighter on July 5, 2022.
             Was an Initiate of Gozag.
             Slain by Duvessa
             ... wielding a +0 short sword
              (5 damage)
             ... on level 4 of the Dungeon.
             The game lasted 00:06:42 (3141 turns).

quokkamancerX the Cleaver (Hill Orc Fighter)        Turns: 3141, Time: 00:06:43

Health: -2/51      AC:  8    Str: 21    XL:     6   Next: 72%
Magic:  6/6        EV:  9    Int:  8    God:    Gozag
Gold:   114        SH:  5    Dex: 16    Spells: 5/5 levels left

rFire   + . .      SeeInvis .   a - +0 war axe
rCold   + . .      Faith    .   c - +0 buckler
rNeg    . . .      Spirit   .   b - +0 scale mail
rPois   +          Reflect  .   k - +0 helmet
rElec   +          Harm     .   (no cloak)
rCorr   +          Rampage  .   (no gloves)
Will    .....                   (no boots)
Stlth   ..........              (no amulet)
HPRegen 0.17/turn               o - +6 ring of dexterity
MPRegen 0.10/turn               (no ring)

@: resistant
A: no striking features
a: Renounce Religion, Potion Petition, Call Merchant, Bribe Branch


You were on level 4 of the Dungeon.
You worshipped Gozag.
Gozag was aware of your devotion.
You visited 1 branch of the dungeon, and saw 4 of its levels.

You collected 179 gold pieces.
You paid 65 gold pieces to Gozag.

Inventory:

Hand Weapons
 a - a +0 war axe (weapon)
Armour
 b - a +0 scale mail (worn)
 c - a +0 buckler (worn)
 k - a +0 helmet (worn)
Jewellery
 o - a +6 ring of dexterity (left hand)
Scrolls
 d - a scroll of fear {unknown}
 e - a scroll of immolation {unknown}
 f - a scroll of teleportation
 g - a scroll of enchant weapon {unknown}
 l - a scroll of fog {unknown}
Potions
 h - a potion of resistance
 i - a potion of flight {unknown}
 j - a potion of degeneration {unknown}
 m - 2 potions of haste {unknown}
 n - a potion of lignification {unknown}


   Skills:
 - Level 3.6 Fighting
 + Level 9.2 Axes
 - Level 3.2 Armour
 - Level 3.2 Shields


You had 5 spell levels left.
You didn't know any spells.
Your spell library contained the following spells:

 Spells                   Type           Power      Damage    Failure   Level
 Searing Ray              Conj           0%         2d4       93%         2
 Conjure Flame            Conj/Fire      0%         6-21      99%         3
 Gell's Gravitas          Tloc           0%         N/A       99%         3
 Lesser Beckoning         Tloc           0%         N/A       99%         3
 Teleport Other           Tloc           0%         N/A       99%         3
 Fulminant Prism          Conj/Hex       0%         3d6       100%        4
 Fireball                 Conj/Fire      0%         3d3       100%        5
 Conjure Ball Lightning   Conj/Air       0%         3x3d6     100%        6


Dungeon Overview and Level Annotations

Branches:
Dungeon (4/15)
 Temple: D:4-7

Altars:
Gozag
Qazlal

Annotations:
D:4 Duvessa


Message History

You block Duvessa's attack.
Things that are here:
7 gold pieces; a +0 dagger; a +0 robe You barely miss Duvessa.
Duvessa hits you with a +0 short sword.
You hit Duvessa.
Duvessa is lightly wounded.
Duvessa closely misses you. Duvessa hits you with a +0 short sword!
You hit Duvessa but do no damage.
Duvessa is lightly wounded.
Duvessa hits you with a +0 short sword.
You hit Duvessa.
Duvessa is lightly wounded.
Duvessa hits you with a +0 short sword! Duvessa closely misses you.
You hit Duvessa but do no damage.
Duvessa is lightly wounded.
Duvessa hits you with a +0 short sword.
* * * LOW HITPOINT WARNING * * *
Duvessa hits you with a +0 short sword.
* * * LOW HITPOINT WARNING * * *
Okay, then.
There is an open door here.
Duvessa barely misses you.
Duvessa rages.
Duvessa barely misses you. Duvessa hits you but does no damage.
It was a potion of resistance.
You feel protected. Duvessa hits you with a +0 short sword!
* * * LOW HITPOINT WARNING * * *
You slash Duvessa!
Duvessa is moderately wounded.
Duvessa barely misses you. You block Duvessa's attack.
You hit Duvessa but do no damage.
Duvessa is moderately wounded.
Duvessa completely misses you.
You hit Duvessa but do no damage.
Duvessa is moderately wounded.
Duvessa hits you but does no damage. Duvessa hits you with a +0 short sword.
You die...
Your body crumbles into a pile of gold.

...§≈≈≈≈§≈..
.....
#.§§≈≈§≈...#
....#
#.≈≈§....8.#
....#
#.≈≈≈≈§§§..#
....#
..§§§§§§§.#
....
..§§.....# ..#
####....###..#
#..@e...'.$..#
#.###...####.#
#.# #...# #
#.#######
#.....#
#.....+
#.....#
#.....#
#.....#


You could see Duvessa (berserk).

Vanquished Creatures
  Sigmund (D:3)
  Dowan (D:4)
  A jelly (D:3)
  Terence (D:2)
  An orc wizard (D:3)
  An adder (D:2)
  A worm (D:2)
  A dart slug (D:3)
  4 orcs (D:3)
  7 ball pythons
  6 endoplasms
  5 giant cockroaches
  4 goblins
  2 hobgoblins
  2 jackals (D:1)
  5 quokkas
  12 bats
  4 frilled lizards
  8 kobolds
  4 rats
71 creatures vanquished.

Notes
Turn   | Place    | Note
-------+----------+-------------------------------------------
     0 | D:1      | quokkamancerX the Hill Orc Fighter began the quest for the
                  | Orb.
     0 | D:1      | Reached XP level 1. HP: 19/19 MP: 1/1
    51 | D:1      | Reached skill level 3 in Axes
   166 | D:1      | Reached XP level 2. HP: 22/26 MP: 2/2
   327 | D:1      | Reached skill level 4 in Axes
   484 | D:1      | Reached XP level 3. HP: 29/31 MP: 3/3
  1113 | D:2      | Reached skill level 5 in Axes
  1172 | D:2      | Got the Handbook of Conjuration
  1411 | D:2      | Noticed Terence
  1423 | D:2      | Killed Terence
  1424 | D:2      | Reached skill level 6 in Axes
  1424 | D:2      | Reached XP level 4. HP: 18/39 MP: 4/4
  2291 | D:3      | Reached XP level 5. HP: 44/45 MP: 5/5
  2304 | D:3      | Noticed Sigmund
  2316 | D:3      | Killed Sigmund
  2317 | D:3      | Reached skill level 8 in Axes
  2317 | D:3      | Reached XP level 6. HP: 35/51 MP: 6/6
  2582 | D:3      | Found an opulent altar of Gozag.
  2602 | D:3      | Found an opulent altar of Gozag.
  2622 | D:3      | Found an opulent altar of Gozag.
  2630 | D:3      | Found an opulent altar of Gozag.
  2668 | D:3      | Became a worshipper of Gozag Ym Sagoz the Greedy
  2792 | D:3      | Found a faded altar of an unknown god.
  3115 | D:4      | Found a stormy altar of Qazlal.
  3120 | D:4      | Noticed Dowan
  3124 | D:4      | Killed Dowan
  3124 | D:4      | Noticed Duvessa
  3125 | D:4      | Reached skill level 9 in Axes
  3141 | D:4      | Slain by Duvessa

Illustrated notes

Levels and vault maps discovered:
D:1:      minmay_arrival_plants_in_alcoves, layout_loops_ring,
          minmay_pentomino_r2
D:2:      layout_loops_corners, uniq_terence
D:3:      layout_basic, nicolae_gozag_conspicuous_consumption,
          hellmonk_ecumenical_altar_heavens_door, kennysheep_minor_cross,
          uniq_sigmund
D:4:      gammafunk_cloud_chamber, layout_basic, mainiacjoe_overflow_catwalk,
          grunt_temple_overflow_diamond, amcnicky_mini_corridor_feature,
          uniq_blork_the_orc, uniq_duvessa

Skill      XL: |  1  2  3  4  5  6 |
---------------+-------------------+-----
Axes           | 3 4 6 8 9 |  9.2
Fighting       | |  3.6
Armour         | |  3.2
Shields        | |  3.2

Action                   |  1- 3 |  4- 6 || total
-------------------------+-------+-------++-------
Melee: War axe           |   118 |    91 ||   209
  Use: Potion            |       |     2 ||     2
       Scroll            |       |     1 ||     1
Armor: Scale mail        |    65 |    31 ||    96
Dodge: Dodged            |    72 |    33 ||   105
Block: Buckler           |    32 |    16 ||    48
